 Dungeon Crawl Stone Soup version 0.19-a0-517-gd6a9987 (webtiles) character file.

928078 Kidiri the Pyromancer (level 27, -21/159 HPs)
             Began as a Deep Elf Fire Elementalist on June 5, 2016.
             Was the Champion of Vehumet.
             Demolished by an Ice Fiend (38 damage)
             ... created by the effects of Hell
             ... on level 6 of Cocytus on June 6, 2016.
             The game lasted 09:44:37 (135182 turns).

Kidiri the Pyromancer (DEFE)                      Turns: 135182, Time: 09:44:38

Health: -21/159    AC: 20    Str: 16    XL:     27
Magic:  51/57      EV: 20    Int: 46    God:    Vehumet [******]
Gold:   4646       SH: 25    Dex: 11    Spells: 14 memorised, 2 levels left

rFire  + + +     SeeInvis .     e - +8 falchion "Pendulum" {drain, rElec rF+ MP+9 Str+4}
rCold  . . .     Gourm    .     L - +1 faerie dragon armour {*Contam rN+ MR+++ Regen+}
rNeg   + + +     Faith    .     j - +5 shield
rPois  +         Spirit   .     g - -2 hat of the Alchemist {rElec rPois rF+ rC+ rN+ MR+ rMut rCorr}
rElec  +         Dismiss  .     o - +2 cloak {+Inv}
rCorr  +         Reflect  +     z - +2 pair of gloves {Str+3}
rMut   +         Harm     .     R - +2 pair of boots of the Assassin {DetectMon Stab+ Stlth++}
SustAt .                        p - amulet "Rukkent" {Reflect rC++ Str+6 Int+4 SH+5}
MR     +++++                    H - ring of Cannawno {+Inv rElec rN+ Str-2 Int+4}
Stlth  +++++.....               A - ring "Curubeh" {Fire Int+4 Stlth+}

@: immune to fire clouds, delayed fireball, almost entirely resistant to hostile
enchantments, quite stealthy
A: large bone plates 1, rugged brown scales 1, blurry vision 1, clumsy 2, frail
1, low mp 1, mutation resistance 1, regeneration 1, screaming 1
a: Renounce Religion, Release Delayed Fireball, Evoke Invisibility
}: 5/15 runes: serpentine, barnacled, slimy, silver, golden


You were on level 6 of Cocytus.
You worshipped Vehumet.
Vehumet was exalted by your worship.
You were not hungry.

You visited 15 branches of the dungeon, and saw 71 of its levels.
You visited the Abyss 1 time.
You visited 1 bazaar.
You visited 1 ziggurat, and saw 1 of its levels.
You also visited: Labyrinth, Sewer, Ice Cave and Wizlab.

You collected 10485 gold pieces.
You spent 5839 gold pieces at shops.

Inventory:

Hand Weapons
 e - the +8 falchion "Pendulum" (weapon) {drain, rElec rF+ MP+9 Str+4}
   (You found it on level 2 of the Lair of Beasts)

   A truly terrible weapon, it drains the life of those it strikes.
   It affects your strength (+4).
   It protects you from fire.
   It insulates you from electricity.
   It affects your magic capacity (+9).
Armour
 g - the -2 hat of the Alchemist (worn) {rElec rPois rF+ rC+ rN+ MR+ rMut rCorr}
   (You found it on level 3 of the Tomb of the Ancients)

   It protects you from fire.
   It protects you from cold.
   It insulates you from electricity.
   It protects you from poison.
   It protects you from negative energy.
   It affects your resistance to hostile enchantments.
   It protects you from acid and corrosion.
   It protects you from mutation.
 j - a +5 shield (worn)
 o - a +2 cloak of invisibility (worn)
 z - a +2 pair of gloves of strength (worn)
 L - the +1 faerie dragon armour (worn) {*Contam rN+ MR+++ Regen+}
   (You took it off the Enchantress on level 15 of the Dungeon)

   It protects you from negative energy.
   It affects your resistance to hostile enchantments.
   It causes magical contamination when unequipped.
   It increases your rate of regeneration.
 R - the +2 pair of boots of the Assassin (worn) {DetectMon Stab+ Stlth++}
   (You found it on level 5 of the Vaults)

   It makes you much more stealthy.
Jewellery
 m - the ring of the Mage {Wiz MR++ Int+3}
   (You took it off a vault warden on level 5 of the Vaults)

   [ring of wizardry]

   It improves your spell success rate.
   It affects your intelligence (+3).
   It affects your resistance to hostile enchantments.
 p - the amulet "Rukkent" (around neck) {Reflect rC++ Str+6 Int+4 SH+5}
   (You found it on level 4 of the Shoals)

   [amulet of reflection]

   It shields you and reflects attacks.
   It affects your strength (+6).
   It affects your intelligence (+4).
   It greatly protects you from cold.
   It affects your SH (+5).
 A - the ring "Curubeh" (left hand) {Fire Int+4 Stlth+}
   (You bought it in a shop on level 3 of the Shoals)

   [ring of fire]

   It enhances your fire magic, and weakens your ice magic.
   It affects your intelligence (+4).
   It protects you from fire.
   It makes you vulnerable to cold.
   It makes you more stealthy.
 E - a +4 ring of intelligence
 H - the ring of Cannawno (right hand) {+Inv rElec rN+ Str-2 Int+4}
   (You took it off a skeletal warrior on level 3 of the Crypt)

   [ring of positive energy]

   It affects your strength (-2).
   It affects your intelligence (+4).
   It insulates you from electricity.
   It protects you from negative energy.
   It lets you turn invisible.
Wands
 d - a wand of confusion (23/48)
 u - a wand of heal wounds (1/9)
 J - a wand of teleportation (0/9)
 M - a wand of lightning (0/15)
 O - a wand of polymorph (10/24)
 P - a wand of disintegration (0/24)
 X - a wand of random effects (24/48)
Scrolls
 b - 2 scrolls of brand weapon
 f - 24 scrolls of teleportation
 h - 2 scrolls of recharging
 l - a scroll of enchant armour
 q - 4 scrolls of amnesia
 t - 4 scrolls of fear
 v - 8 scrolls of fog
 w - a scroll of magic mapping
 x - 2 scrolls of blinking
 D - 37 scrolls of identify
 N - 7 scrolls of enchant weapon
 T - 26 scrolls of remove curse
 U - 2 scrolls of holy word
Potions
 a - 33 potions of curing
 i - 3 potions of invisibility
 n - 4 potions of cure mutation
 r - 5 potions of haste
 s - 11 potions of resistance
 B - 6 potions of brilliance
 F - 11 potions of flight
 G - 2 potions of ambrosia
 K - 4 potions of might
 S - a potion of berserk rage
 Y - 12 potions of agility
Books
 y - a book of Annihilations

   Spells                             Type                      Level
   a - Poison Arrow                   Conjuration/Poison           6
   b - Chain Lightning                Conjuration/Air              8
   c - Lehudib's Crystal Spear        Conjuration/Earth            8
   d - Glaciate                       Conjuration/Ice              9
   e - Fire Storm                     Conjuration/Fire             9
Comestibles
 c - 16 bread rations
 k - a chunk of flesh


   Skills:
 * Level 17.5 Fighting
   Level 8.7 Short Blades
 - Level 8.0 Armour
 - Level 17.0 Dodging
 - Level 2.4 Stealth
 + Level 14.0 Shields
 - Level 25.0 Spellcasting
 * Level 25.3 Conjurations
 * Level 25.8 Fire Magic
 + Level 16.7 Ice Magic
 * Level 23.0 Air Magic
 + Level 17.2 Earth Magic
 - Level 10.0 Evocations


You had 2 spell levels left.
You knew the following spells:

 Your Spells              Type           Power        Failure   Level  Hunger
c - Conjure Flame         Conj/Fire      ########     0%          3    None
d - Inner Flame           Hex/Fire       ########     0%          3    None
e - Sticky Flame          Conj/Fire      ########     0%          4    None
f - Fireball              Conj/Fire      #########.   0%          5    None
g - Bolt of Fire          Conj/Fire      #########.   0%          6    None
h - Delayed Fireball      Conj/Fire      N/A          1%          7    None
i - Ring of Flames        Chrm/Fire      #########.   1%          7    None
j - Fire Storm            Conj/Fire      #########.   1%          9    None
k - Swiftness             Chrm/Air       ########     0%          2    None
l - Airstrike             Air            ########..   0%          4    None
m - Deflect Missiles      Chrm/Air       ########..   1%          6    None
n - Tornado               Air            ########..   1%          9    None
o - Freezing Cloud        Conj/Ice/Air   ########..   0%          6    None
p - Lehudib's Crystal Sp  Conj/Erth      ########..   1%          8    None


Dungeon Overview and Level Annotations

Branches:
Dungeon (15/15)            Temple (1/1) D:5            Lair (8/8) D:9
 Shoals (4/4) Lair:3        Snake (4/4) Lair:6        Slime (6/6) Lair:7
    Orc (2/2) D:10            Elf (3/3) Orc:2        Vaults (5/5) D:14
  Crypt (3/3) Vaults:3       Tomb (3/3) Crypt:3      Depths (5/5) D:15
   Hell (1/1)                 Dis (0/7) Hell            Geh (0/7) Hell
    Coc (6/7) Hell            Tar (0/7) Hell            Zot (5/5) Depths:5

Altars:
Ashenzari
Cheibriados
Dithmenos
Elyvilon
Fedhas
Gozag
Hepliaklqana
Kikubaaqudgha
Makhleb
Nemelex Xobeh
Okawaru
Pakellas
Qazlal
Ru
Sif Muna
Trog
Uskayaw
Vehumet
Xom
Yredelemnul
Zin
The Shining One
Beogh
Jiyva

Shops:
D:12 ?(   D:13 *   Orc:2 =!([   Elf:2 (   Elf:3 !(*[?   Shoals:3 *=((
Snake:2 *   Vaults:1 (   Vaults:2 [   Vaults:5 [   Depths:3 *   Depths:4 [

Portals:
Hell: Depths:1 Depths:2 Depths:3 Depths:4 Depths:5
Abyss: Depths:3 Depths:4 Depths:5
Pandemonium: Depths:3

Annotations:
Lair:8 tstbtto's ghost, journeyman MiBe
Zot:4 exclusion: downstairs
Zot:5 1 exclusion


Innate Abilities, Weirdness & Mutations

You are immune to clouds of flame.
You are partially covered in large bone plates. (AC +2, SH +2)
You are partially covered in rugged brown scales. (AC +1, +3% HP)
Scrolls take you a little longer to read.
You are very clumsy. (Dex -4)
You are frail. (-10% HP)
Your magical capacity is low. (-10% MP)
You are somewhat resistant to further mutation.
Your natural rate of healing is unusually fast.
You occasionally shout uncontrollably at your foes.


Message History

Unknown command.
You hit the frost giant skeleton.
The Ice Fiend is engulfed in roaring flames.
You block the Ice Fiend's attack. The Ice Fiend misses you.
Unknown command.
Unknown command.
Unknown command.
Unknown command.
Unknown command.
Evoke which item? (* to show all) (? for menu, Esc to quit)
That item cannot be evoked!
You hit the Ice Fiend but do no damage.
The Ice Fiend is heavily wounded.
The frost giant skeleton is engulfed in roaring flames.
You block the frost giant skeleton's attack.
The Ice Fiend is engulfed in roaring flames.
You block the Ice Fiend's attack. The Ice Fiend claws you!
* * * LOW HITPOINT WARNING * * *
The Ice Fiend freezes you!!!
You die...

....≈≈≈≈≈......≈≈.......≈≈≈≈≈≈≈≈.
≈..≈≈≈≈≈≈.......≈≈.....≈≈≈....≈≈
≈≈≈≈.≈≈≈≈.......≈≈....≈≈.......
≈≈≈..≈≈≈≈.......###.≈≈≈........
.≈≈..≈≈≈≈........###≈≈.........
..≈..≈≈≈≈≈......####≈..........
..≈..≈≈≈≈≈....≈####≈...........
..≈≈.≈≈≈≈≈.≈≈≈≈#1§.≈....#......
..≈≈.≈≈≈≈≈≈≈≈..§@§.≈≈...#......
.≈≈≈≈≈≈≈≈≈≈....§Z§.≈≈..........
≈≈...≈≈≈............≈.........≈
.......≈............≈≈.......≈
.......≈≈...#........≈......
.......≈≈............≈≈≈≈≈≈≈
.......≈≈≈...........≈≈≈≈≈≈
....≈≈≈≈ ≈≈≈≈≈..≈≈##≈≈≈≈≈
≈####≈≈≈ ≈≈≈≈≈##### #≈≈≈


You could see an Ice Fiend and a frost giant skeleton.

Vanquished Creatures
  the Royal Jelly (Slime:6)
  4 ancient liches
  Mara (Crypt:2)
  4 orbs of fire (Zot:5)
  A juggernaut (Depths:5)
  31 greater mummies
  Boris (thrice) (Crypt:1 Depths:5 Tomb:1)
  Margery (Depths:4)
  11 shard shrikes
  6 Killer Klowns
  2 curse toes
  Geryon (Hell)
  10 golden dragons
  the Enchantress (D:15)
  Nikola (Shoals:2)
  5 bone dragons
  2 electric golems (Zot:5)
  20 tentacled monstrosities
  25 Orb Guardians
  14 Ice Fiends
  Asterion (Elf:2)
  3 liches
  3 deep elf blademasters
  Murray (Hell)
  2 deep elf master archers (Elf:3)
  2 quicksilver dragons
  An Executioner (Coc:1)
  3 ancient champions
  6 titans
  12 death cobs
  Polyphemus (Shoals:2)
  32 acid blobs
  Gastronok (D:10)
  A kraken (Shoals:1)
  9 sphinxes
  Kirke (Lair:6)
  8 shadow dragons
  10 storm dragons
  17 azure jellies
  5 revenants
  2 draconian monks
  9 greater nagas
  5 tengu reavers
  Ilsuiw (Shoals:4)
  6 fire giants
  Louise (Shoals:2)
  An orc warlord (Orc:2)
  Donald (Vaults:1)
  8 draconian zealots
  13 frost giants
  5 draconian knights
  11 deep elf sorcerers
  2 cacodemons
  2 curse skulls
  A balrug (Hell)
  Maud (Orc:2)
  4 deep elf elementalists
  6 draconian scorchers
  19 vault wardens
  6 draconian shifters
  10 very ugly things
  5 draconian callers
  7 draconian annihilators
  12 ironheart preservers
  19 reapers
  An elemental wellspring (Coc:4)
  3 war gargoyles
  6 spriggan defenders
  15 stone giants
  8 ghouls
  24 vampire knights
  8 green draconians
  6 deep elf demonologists
  12 mottled draconians
  9 black draconians
  7 deep elf annihilators (Elf:3)
  8 spark wasps
  18 red draconians
  7 white draconians
  Azrael (Elf:2)
  3 bennus (Tomb:2)
  An orange crystal statue (WizLab)
  The ghost of Xiguana the Cleaver, a journeyman HOFi of Okawaru (IceCv)
  7 merfolk javelineers (Shoals:4)
  A lorocyproca (Zot:5)
  9 purple draconians
  5 yellow draconians
  11 ettins
  8 blizzard demons
  7 deep elf death magi
  12 death oozes
  A minotaur (Lab)
  12 merfolk impalers
  9 eidola
  32 vault guards
  21 fire dragons
  2 quicksilver dragon zombies
  18 jiangshi
  A green death (Coc:3)
  21 mummy priests
  8 deep elf high priests
  Josephine (Lair:6)
  A fire dragon (shapeshifter) (Vaults:4)
  12 great orbs of eyes
  The ghost of tyrsky the Unseen, a journeyman FeVM of Ru (Elf:1)
  2 entropy weavers
  3 kraken zombies
  14 naga warriors
  14 yaktaur captains
  31 ice dragons
  5 quicksilver dragon skeletons
  4 rakshasas
  8 centaur warriors
  10 hydras
  Erica (D:10)
  8 spriggan air magi
  22 anacondas
  A satyr (Shoals:2)
  3 catoblepae
  Erolcha (D:10)
  7 death yaks
  5 tengu warriors
  12 ogre magi
  8 death knights
  7 deep troll shamans
  6 merfolk aquamancers
  27 dancing weapons
  A hell hog (shapeshifter) (Depths:5)
  10 hell knights
  14 naga sharpshooters
  11 vampire magi
  3 orc high priests
  11 shock serpents
  7 deep troll earth magi
  3 titan zombies
  A hell hog (Hell)
  4 sun demons
  2 iron golems (Hell)
  6 spriggan berserkers
  3 thrashing horrors (Abyss:2)
  24 deep elf knights
  The ghost of Xiguana the Cleaver, a novice HOFi of Okawaru (D:7)
  6 storm dragon zombies
  Nergalle (D:10)
  8 salamander mystics
  92 skeletal warriors
  6 soul eaters
  8 storm dragon skeletons
  3 fire crabs
  A titan skeleton (Coc:3)
  50 death scarabs
  4 shadow wraiths
  5 giant orange brains
  4 iron trolls
  20 sea snakes
  9 anaconda zombies
  A shadow demon (Depths:3)
  24 deep trolls
  A ghost moth zombie (Crypt:2)
  9 flayed ghosts
  A spark wasp zombie (Crypt:1)
  5 unseen horrors
  4 golden dragon zombies
  15 deep elf archers
  A death drake (Abyss:2)
  8 wizards
  37 phantasmal warriors
  A golden dragon skeleton (Crypt:1)
  12 anubis guards
  18 ironbrand convokers
  A swamp dragon (shapeshifter) (Elf:2)
  12 harpies
  An anubis guard (shapeshifter) (Elf:3)
  6 naga ritualists
  4 lindwurms (Snake:4)
  An anaconda skeleton (Hell)
  3 shadow dragon zombies
  18 necromancers
  12 orc knights
  2 wolf spider zombies
  6 wolf spiders
  9 hill giants
  A harpy (shapeshifter) (Depths:2)
  19 ugly things
  4 stone giant zombies
  5 frost giant zombies
  3 orc sorcerers
  26 griffons
  13 fauns
  14 salamanders
  2 hornets
  20 mana vipers
  78 deep elf magi
  6 iron dragon zombies
  21 moths of wrath
  A manticore (shapeshifter) (Vaults:1)
  A shining eye (shapeshifter) (Vaults:5)
  A fire giant zombie (Coc:3)
  6 cyclopes
  3 sixfirhies
  A moth of wrath (shapeshifter) (Vaults:5)
  4 oklob plants (Lair:4)
  A shadow dragon skeleton (Coc:4)
  14 manticores
  8 shining eyes
  5 frost giant skeletons
  4 dire elephant zombies
  5 ice statues
  11 guardian serpents
  A human skeleton (Vaults:3)
  2 shock serpent zombies
  5 elephants (Lair:6)
  25 naga magi
  41 black mambas
  8 iron dragon skeletons
  10 rust devils
  2 titan simulacra
  6 fire giant skeletons
  24 vault sentinels
  Psyche (D:8)
  6 smoke demons
  3 eyes of devastation
  3 orange demons
  7 stone giant skeletons
  2 gargoyles
  4 water nymphs
  3 molten gargoyles
  2 hellions
  2 emperor scorpion zombies (Coc:3)
  9 spiny frogs
  3 dire elephant skeletons
  9 rime drakes
  33 ice devils
  2 kobold demonologists
  13 tormentors
  4 komodo dragons
  2 tengu conjurers
  45 freezing wraiths
  A ghost moth simulacrum (Coc:4)
  42 yaktaurs
  A silent spectre (Abyss:2)
  49 guardian mummies
  An anaconda simulacrum (Coc:1)
  19 hydra zombies
  A red devil (Hell)
  A pale draconian skeleton (Crypt:2)
  3 minotaur zombies
  A merfolk (shapeshifter) (Vaults:5)
  2 harpy zombies
  A troll (shapeshifter) (Vaults:5)
  A jumping spider (Depths:4)
  19 two-headed ogres
  An ancient zyme (Abyss:2)
  A polar bear (shapeshifter) (Vaults:2)
  An iron troll skeleton (Crypt:1)
  37 merfolk
  4 trolls
  7 fire dragon zombies
  3 wind drakes
  A raiju (shapeshifter) (Depths:5)
  2 ice dragon zombies
  A shadow dragon simulacrum (Crypt:3)
  A jumping spider zombie (Crypt:3)
  13 blink frogs
  199 slime creatures
  20 ushabtiu
  A blink frog (shapeshifter) (Vaults:4)
  13 raiju
  A frost giant simulacrum (Hell)
  A stone giant simulacrum (Coc:2)
  4 boulder beetles
  12 hydra skeletons
  A bog body (Crypt:2)
  2 harpy skeletons
  6 alligator zombies
  The ghost of Statics the Ducker, an amateur TeTm (D:4)
  2 black mamba zombies
  6 ettin zombies
  11 snapping turtles
  4 alligator skeletons
  4 redbacks
  96 flying skulls
  A griffon skeleton (Crypt:3)
  3 ice dragon skeletons
  10 air elementals
  A fire dragon skeleton (Hell)
  4 ettin skeletons
  2 spriggans (shapeshifter) (Vaults:2)
  3 spriggans
  23 wraiths
  11 shadows
  A centaur simulacrum (D:15)
  2 hogs (shapeshifter)
  A redback (shapeshifter) (Vaults:3)
  12 fire elementals
  4 hogs
  A fire bat (shapeshifter) (Depths:2)
  30 yaks
  10 basilisks
  A giant leech zombie (Crypt:3)
  17 humans
  26 water elementals
  15 wyverns
  A golden eye (shapeshifter) (Abyss:2)
  11 golden eyes
  23 hippogriffs
  Grum (D:10)
  6 hungry ghosts
  3 neqoxecs (Abyss:2)
  3 chaos spawn (Abyss:2)
  Menkaure (D:4)
  4 mottled dragons
  A merfolk zombie (Hell)
  A soldier ant (D:8)
  11 vampire mosquitoes
  4 insubstantial wisps (Abyss:2)
  51 nagas
  8 wargs
  19 water moccasins
  2 giant eyeballs
  10 spiny frog zombies
  18 porcupines
  4 hydra simulacra
  A merfolk skeleton (Coc:2)
  12 hell hounds
  3 spiny frog skeletons
  A large abomination (Abyss:2)
  39 orc warriors
  A manticore zombie (Coc:4)
  2 sky beasts
  An eye of draining (shapeshifter) (Vaults:4)
  An ice dragon simulacrum (Crypt:3)
  5 snapping turtle zombies
  19 ice beasts
  A swamp dragon zombie (Coc:2)
  2 phantoms
  4 alligator simulacra
  10 eyes of draining
  6 ettin simulacra
  A centaur (shapeshifter) (Vaults:3)
  A black bear (shapeshifter) (Vaults:3)
  A necrophage (D:9)
  61 ogres
  14 wolves
  A boggart (shapeshifter) (Vaults:5)
  6 wasps
  An anubis guard skeleton (Crypt:2)
  3 boggarts (Vaults:2)
  27 centaurs
  2 snapping turtle skeletons
  9 crocodiles
  2 manticore skeletons
  Blork the orc (D:15)
  A human zombie (Vaults:5)
  23 giant frogs
  4 big kobolds
  A gnoll sergeant (D:9)
  An elf zombie (Coc:3)
  4 earth elementals
  5 small abominations (Abyss:2)
  3 spiny frog simulacra
  An ogre simulacrum (Vaults:1)
  A wyvern skeleton (D:10)
  2 scorpions
  A boulder beetle zombie (Crypt:2)
  A hippogriff zombie (Crypt:3)
  A troll zombie (Crypt:1)
  20 killer bees
  A snapping turtle simulacrum (Crypt:3)
  A swamp dragon simulacrum (Coc:3)
  42 wights
  4 howler monkeys
  3 vampire bats (D:6)
  3 electric eels
  9 crimson imps
  A jelly (shapeshifter) (Vaults:5)
  A quasit (D:13)
  3 giant frog skeletons
  A giant frog zombie (D:11)
  33 orc priests
  6 centaur zombies
  2 draconian simulacra (IceCv)
  42 jellies
  5 centaur skeletons
  9 hounds
  41 orc wizards
  3 iron imps
  Terence (D:3)
  12 worker ants
  12 iguanas
  Ijyb (D:2)
  14 sirens
  A hell rat (Coc:2)
  5 merfolk avatars
  5 troll simulacra (IceCv)
  23 sheep
  A mottled dragon zombie (Crypt:1)
  An ogre skeleton (Crypt:1)
  2 hound skeletons
  60 mummies
  A worker ant zombie (D:8)
  9 gnolls
  18 adders
  3 naga simulacra (IceCv)
  43 river rats
  A steam dragon zombie (Crypt:3)
  4 shadow imps
  27 white imps
  3 ufetubi (Abyss:2)
  2 oozes
  An adder zombie (D:5)
  3 adder skeletons
  8 worms
  6 dart slugs
  6 giant geckos
  139 orcs
  7 giant cockroaches
  7 goblins
  6 hobgoblins
  13 jackals
  9 quokkas
  7 ball pythons
  A ball python skeleton (Crypt:2)
  17 bats
  A giant gecko skeleton (D:4)
  7 giant newts
  A giant newt skeleton (Crypt:2)
  A jackal skeleton (D:5)
  31 kobolds
  A kobold zombie (Tomb:1)
  An orc skeleton (Coc:1)
  2 quokka skeletons
  33 rats
  A block of ice (Slime:5)
  2 fire vortices (Vaults:5)
  A fungus (Lair:6)
  4 lost souls
  15 plants
  2 tentacles (Hell)
  3 tentacle segments (Hell)
4101 creatures vanquished.

Vanquished Creatures (collateral kills)
  A titan (Vaults:5)
  An ogre mage (Vaults:5)
2 creatures vanquished.

Vanquished Creatures (others)
  2 eldritch tentacles
  2 revenants (Tomb:2)
  A greater naga (Snake:4)
  A draconian monk (Zot:5)
  An ironheart preserver (Vaults:5)
  5 stone giants
  A bennu (Tomb:2)
  6 yaktaur captains
  2 centaur warriors
  A deep elf knight (Elf:2)
  18 death scarabs (Tomb:2)
  A skeletal warrior (Tomb:2)
  A hill giant (Vaults:1)
  A deep elf mage (Vaults:5)
  A cyclops (Vaults:1)
  2 moths of wrath (Zot:5)
  8 yaktaurs
  A tormentor (Coc:4)
  A guardian mummy (Tomb:3)
  A wolf spider simulacrum (Tomb:3)
  10 flying skulls
  An ettin skeleton (Coc:3)
  A spiny frog zombie (Tomb:2)
  A merfolk skeleton (Tomb:3)
  A small abomination (Abyss:2)
  3 centaurs
  A giant frog (Lair:7)
  A spriggan skeleton (Tomb:2)
  3 mummies
  A jackal (D:5)
  A kobold skeleton (Coc:3)
  A block of ice (Slime:6)
  189 eldritch tentacle segments
  12 fire vortices
  9 fungi
  3 lost souls
  18 plants
  7 starspawn tentacles (Abyss:2)
  80 starspawn tentacle segments (Abyss:2)
  18 tentacles
  198 tentacle segments
616 creatures vanquished.

Grand Total: 4719 creatures vanquished

Notes
Turn   | Place    | Note
--------------------------------------------------------------
     0 | D:1      | Kidiri the Deep Elf Fire Elementalist began the quest for the Orb.
     0 | D:1      | Reached XP level 1. HP: 10/10 MP: 6/6
   368 | D:1      | Reached XP level 2. HP: 8/15 MP: 8/8
   372 | D:1      | Learned a level 2 spell: Throw Flame
  1404 | D:1      | Reached XP level 3. HP: 12/19 MP: 1/10
  1409 | D:1      | Learned a level 3 spell: Conjure Flame
  1413 | D:1      | Learned a level 3 spell: Inner Flame
  2197 | D:2      | Found a glowing silver altar of Zin.
  2349 | D:2      | Noticed Terence
  3208 | D:2      | Noticed Ijyb
  3213 | D:2      | Killed Ijyb
  3213 | D:2      | Reached XP level 4. HP: 24/24 MP: 4/12
  3817 | D:3      | Killed Terence
  3817 | D:3      | Reached XP level 5. HP: 20/28 MP: 3/13
  3823 | D:3      | Learned a level 4 spell: Sticky Flame
  4189 | D:3      | Found a hazy altar of Hepliaklqana.
  4369 | D:3      | Found a white marble altar of Elyvilon.
  4668 | D:3      | Reached skill level 5 in Spellcasting
  5053 | D:3      | Noticed a moth of wrath
  5056 | D:3      | Found a bloodstained altar of Trog.
  5077 | D:3      | Reached XP level 6. HP: 6/32 MP: 12/15
  5081 | D:3      | Reached skill level 5 in Fire Magic
  5874 | D:4      | Noticed Statics's ghost (amateur TeTm)
  5880 | D:4      | Killed Statics's ghost
  5886 | D:4      | Reached XP level 7. HP: 27/37 MP: 4/17
  6008 | D:4      | Reached skill level 1 in Armour
  6065 | D:4      | Found a sacrificial altar of Ru.
  6105 | D:4      | Reached skill level 1 in Evocations
  6226 | D:4      | Noticed Menkaure
  6231 | D:4      | Killed Menkaure
  6231 | D:4      | Reached skill level 1 in Fighting
  6231 | D:4      | Reached skill level 1 in Short Blades
  6448 | D:5      | Entered Level 5 of the Dungeon
  6473 | D:5      | Reached skill level 5 in Conjurations
  6725 | D:5      | Learned a level 5 spell: Fireball
  7032 | D:5      | Found a staircase to the Ecumenical Temple.
  7049 | Temple   | Entered the Ecumenical Temple
  7082 | Temple   | Became a worshipper of Vehumet
  7326 | D:5      | Reached skill level 1 in Shields
  7326 | D:5      | Reached XP level 8. HP: 43/43 MP: 8/19
  7330 | D:5      | Gained mutation: You are weak. (Str -2) [mutagenic meat]
  7331 | D:5      | Gained mutation: You can translocate small distances at will. [mutagenic meat]
  7332 | D:5      | Gained mutation: You expend magic power (3 MP) to strengthen your wands. [mutagenic meat]
  7333 | D:5      | Gained mutation: Scrolls take you a little longer to read. [mutagenic meat]
  7334 | D:5      | Gained mutation: You are partially covered in yellow scales. (AC +2) [mutagenic meat]
  7335 | D:5      | Gained mutation: Your spells are a little easier to cast, but a little less powerful. [mutagenic meat]
  7336 | D:5      | Lost mutation: Your spells are a little easier to cast, but a little less powerful. [potion of cure mutation]
  7336 | D:5      | Lost mutation: Scrolls take you a little longer to read. [potion of cure mutation]
  7336 | D:5      | Lost mutation: You are weak. (Str -2) [potion of cure mutation]
  7336 | D:5      | Lost mutation: You can translocate small distances at will. [potion of cure mutation]
  7336 | D:5      | Lost mutation: You expend magic power (3 MP) to strengthen your wands. [potion of cure mutation]
  7539 | D:6      | Got an ivory trident
  7540 | D:6      | Identified the +6 trident of Extermination {elec, MR+++ Int-5} (You found it on level 6 of the Dungeon)
  7894 | D:6      | Found a glowing drain.
  7898 | Sewer    | Entered a sewer
  8457 | Sewer    | Reached * piety under Vehumet
  8457 | Sewer    | Offered knowledge of Magic Dart by Vehumet.
  9461 | D:6      | Gained mutation: Your natural rate of healing is unusually fast. [mutagenic meat]
  9462 | D:6      | Gained mutation: You are partially covered in large bone plates. (AC +2, SH +2) [mutagenic meat]
  9463 | D:6      | Gained mutation: You are partially covered in rugged brown scales. (AC +1, +3% HP) [mutagenic meat]
 10017 | D:7      | Found a white marble altar of Elyvilon.
 10033 | D:7      | Reached XP level 9. HP: 49/49 MP: 16/22
 10201 | D:7      | Noticed Xiguana's ghost (novice HOFi)
 10211 | D:7      | Killed Xiguana's ghost
 10230 | D:7      | Found a shadowy altar of Dithmenos.
 10328 | D:7      | Offered knowledge of Sting by Vehumet.
 10427 | D:7      | Reached ** piety under Vehumet
 11901 | D:8      | Noticed Psyche
 11912 | D:8      | Killed Psyche
 11912 | D:8      | Reached XP level 10. HP: 56/56 MP: 11/25
 12186 | D:8      | Offered knowledge of Static Discharge by Vehumet.
 12380 | D:8      | Learned a level 3 spell: Static Discharge
 12623 | D:8      | Reached *** piety under Vehumet
 12746 | D:8      | Found a burning altar of Makhleb.
 12987 | D:8      | Got a pair of distressingly furry boots
 12998 | D:8      | Identified the +1 pair of boots of Catatonia {Int-4 Dex+9} (You found it on level 8 of the Dungeon)
 13157 | D:8      | Reached skill level 1 in Air Magic
 13174 | D:8      | Reached skill level 5 in Dodging
 13587 | D:9      | Found a shimmering altar of Xom.
 13958 | D:9      | Offered knowledge of Fulminant Prism by Vehumet.
 14073 | D:9      | Found a staircase to the Lair.
 14179 | D:9      | Found an ancient bone altar of Kikubaaqudgha.
 14181 | D:9      | Found a hide-covered altar of Uskayaw.
 14186 | D:9      | Found an opulent altar of Gozag.
 14188 | D:9      | Found an iron altar of Okawaru.
 14189 | D:9      | Found a glowing golden altar of the Shining One.
 14190 | D:9      | Found a sparkling altar of Nemelex Xobeh.
 14500 | Lair:1   | Entered Level 1 of the Lair of Beasts
 14857 | Lair:1   | Reached skill level 5 in Evocations
 14857 | Lair:1   | Reached XP level 11. HP: 55/61 MP: 13/26
 15331 | Lair:1   | Reached **** piety under Vehumet
 15616 | Lair:1   | Reached skill level 10 in Spellcasting
 16129 | Lair:2   | Offered knowledge of Irradiate by Vehumet.
 16221 | Lair:2   | Got an iridescent falchion
 16222 | Lair:2   | Identified the +8 falchion "Pendulum" {drain, rElec rF+ MP+9 Str+4} (You found it on level 2 of the Lair of Beasts)
 16683 | Lair:2   | Reached skill level 5 in Short Blades
 17847 | D:5      | Got a steaming leather armour
 17859 | D:5      | Identified the +2 leather armour "Tyelli Nyeck" {Str+4 Slay+3} (You took it off an orc on level 5 of the Dungeon)
 18189 | Lair:3   | Found a staircase to the Shoals.
 18494 | Lair:4   | Noticed an eight-headed hydra
 18515 | Lair:4   | Killed an eight-headed hydra
 18515 | Lair:4   | Reached XP level 12. HP: 14/67 MP: 28/28
 19128 | Lair:4   | Learned a level 6 spell: Bolt of Fire
 19579 | Lair:4   | Reached skill level 10 in Fire Magic
 20326 | Lair:5   | Reached skill level 5 in Air Magic
 20332 | Lair:5   | Reached ***** piety under Vehumet
 20332 | Lair:5   | Offered knowledge of Iskenderun's Mystic Blast by Vehumet.
 21048 | Lair:5   | You fall through a shaft!
 21093 | Lair:6   | Noticed an eight-headed hydra
 21103 | Lair:6   | Found a labyrinth entrance.
 21121 | Lair:6   | Killed an eight-headed hydra
 21121 | Lair:6   | Reached skill level 10 in Conjurations
 21141 | Lab      | Entered a labyrinth
 21738 | Lab      | Noticed a minotaur
 21768 | Lab      | Killed a minotaur
 21828 | Lab      | Got a scintillating steel ring
 21931 | Lair:6   | Identified the cursed ring "Suuph" {rPois Str-4 Int+4} (You took it off a minotaur in a labyrinth)
 22019 | Lair:6   | Found a staircase to the Snake Pit.
 22294 | Lair:6   | Reached skill level 5 in Armour
 22295 | Lair:6   | Noticed a seven-headed hydra
 22298 | Lair:6   | Reached XP level 13. HP: 60/74 MP: 11/31
 22862 | Lair:6   | Reached skill level 5 in Fighting
 23579 | Lair:7   | Noticed Kirke
 23761 | Lair:6   | Killed Kirke
 23906 | Lair:7   | Noticed Josephine
 24066 | Lair:6   | Killed Josephine
 24994 | Lair:7   | Reached XP level 14. HP: 79/80 MP: 5/33
 25257 | Lair:7   | Found a viscous altar of Jiyva.
 25258 | Lair:7   | Found a staircase to the Slime Pits.
 25749 | Lair:8   | Entered Level 8 of the Lair of Beasts
 25749 | Lair:8   | Noticed tstbtto's ghost (journeyman MiBe)
 26141 | D:10     | Entered Level 10 of the Dungeon
 26141 | D:10     | Noticed Erica
 26141 | D:10     | Noticed Gastronok
 26146 | D:10     | Killed Erica
 26253 | D:10     | Killed Gastronok
 26738 | D:10     | Noticed Erolcha
 26758 | D:10     | Killed Erolcha
 26785 | D:10     | Noticed Nergalle
 26788 | D:10     | Killed Nergalle
 27087 | D:10     | Offered knowledge of Conjure Ball Lightning by Vehumet.
 27093 | D:10     | Found a staircase to the Orcish Mines.
 27289 | D:10     | Learned a level 2 spell: Swiftness
 27480 | D:10     | Noticed Grum
 27483 | D:10     | Killed Grum
 27664 | D:11     | Found a frozen archway.
 27716 | IceCv    | Entered an ice cave
 27801 | IceCv    | Noticed Xiguana's ghost (journeyman HOFi)
 27804 | IceCv    | Killed Xiguana's ghost
 28815 | IceCv    | Got a scorched short sword
 28816 | IceCv    | Identified the +8 short sword of Inquiry {freeze, Str+2} (You found it in an ice cave)
 28903 | D:11     | Gained mutation: Your muscles are strong. (Str +2) [potion of beneficial mutation]
 30164 | D:12     | Found Dabuestre's Antique Weapon Boutique.
 30219 | D:12     | Found Ighabocw's Magic Scroll Shoppe.
 31114 | D:13     | Found a shattered altar of Ashenzari.
 31254 | D:13     | Found Kuquurgha's Assorted Antiques.
 31263 | D:13     | Bought 2 potions of curing for 246 gold pieces
 31263 | D:13     | Bought an ivory dagger for 287 gold pieces
 31263 | D:13     | Bought a scroll of identify for 82 gold pieces
 31263 | D:13     | Bought a scroll of identify for 82 gold pieces
 31263 | D:13     | Identified the +6 dagger of Goczeo {antimagic, Int+3} (You bought it in a shop on level 13 of the Dungeon)
 32034 | D:14     | Reached XP level 15. HP: 86/86 MP: 35/35
 32308 | D:14     | Learned a level 4 spell: Airstrike
 32335 | D:14     | Offered knowledge of Ozocubu's Refrigeration by Vehumet.
 32535 | D:14     | Found a gate to the Vaults.
 33177 | D:15     | Entered Level 15 of the Dungeon
 33724 | D:15     | Found a staircase to the Depths.
 34396 | D:15     | Found a glowing golden altar of the Shining One.
 34527 | D:15     | Noticed Blork the orc
 34528 | D:15     | Killed Blork the orc
 34585 | D:15     | Found a deep blue altar of Sif Muna.
 34787 | Orc:1    | Entered Level 1 of the Orcish Mines
 34962 | Orc:1    | Learned a level 6 spell: Deflect Missiles
 35009 | Orc:2    | Entered Level 2 of the Orcish Mines
 35092 | Orc:2    | Found a radiant altar of Vehumet.
 35575 | Orc:2    | Found a shimmering altar of Xom.
 35591 | Orc:2    | Noticed Maud
 35596 | Orc:2    | Killed Maud
 35596 | Orc:2    | Offered knowledge of Freezing Cloud by Vehumet.
 35754 | Orc:2    | Reached ****** piety under Vehumet
 35909 | Orc:2    | Found a roughly hewn altar of Beogh.
 35948 | Orc:2    | Found Wulutedo's Jewellery Shop.
 36235 | Orc:2    | Found a roughly hewn altar of Beogh.
 36278 | Orc:2    | Found Zoud's Distillery.
 36299 | Orc:2    | Bought a potion of heal wounds for 65 gold pieces
 36456 | Orc:2    | Found a staircase to the Elven Halls.
 36675 | Orc:2    | Found a roughly hewn altar of Beogh.
 36699 | Orc:2    | Found a roughly hewn altar of Beogh.
 36994 | Orc:2    | Noticed an orc warlord
 37001 | Orc:2    | Gained mutation: Your mind is acute. (Int +2) [a neqoxec]
 37007 | Orc:2    | Gained mutation: You occasionally shout uncontrollably at your foes. [a neqoxec]
 37260 | Orc:2    | Killed an orc warlord
 37260 | Orc:2    | Reached skill level 15 in Spellcasting
 37433 | Orc:2    | Found Fadiqol's Antique Weapon Boutique.
 37434 | Orc:2    | Found a roughly hewn altar of Beogh.
 37438 | Orc:2    | Found Nionkij's Antique Armour Shop.
 38213 | Shoals:1 | Entered Level 1 of the Shoals
 38217 | Shoals:1 | Noticed a kraken
 38570 | Snake:1  | Entered Level 1 of the Snake Pit
 38679 | Snake:1  | Got a translucent scimitar
 38681 | Snake:1  | Identified the +1 scimitar of Chaos {freeze, rF+ Dex+4} (You found it on level 1 of the Snake Pit)
 38826 | Snake:1  | Reached XP level 16. HP: 90/91 MP: 24/37
 39173 | Snake:1  | Learned a level 6 spell: Freezing Cloud
 39203 | Snake:1  | Reached skill level 10 in Air Magic
 39244 | Snake:1  | Offered knowledge of Poison Arrow by Vehumet.
 39433 | Snake:1  | Reached skill level 10 in Dodging
 40507 | Snake:2  | Found Kouvaeni's Assorted Antiques.
 40520 | Snake:2  | Bought a scroll of blinking for 270 gold pieces
 40520 | Snake:2  | Bought a scroll of enchant armour for 270 gold pieces
 43969 | Shoals:1 | Killed a kraken
 43981 | Shoals:1 | Reached XP level 17. HP: 79/98 MP: 16/39
 44144 | Shoals:1 | Offered knowledge of Iron Shot by Vehumet.
 44193 | Shoals:1 | Learned a level 6 spell: Iron Shot
 44954 | Shoals:2 | Noticed Polyphemus
 45314 | Shoals:2 | Killed Polyphemus
 45732 | Shoals:2 | Noticed Nikola
 45736 | Shoals:2 | Noticed Louise
 45737 | Shoals:2 | Killed Nikola
 45741 | Shoals:2 | Killed Louise
 46456 | Shoals:2 | Reached skill level 10 in Evocations
 47357 | Lair:1   | Offered knowledge of Bolt of Cold by Vehumet.
 47779 | Shoals:3 | Reached skill level 15 in Fire Magic
 47818 | Shoals:3 | Found Veninke's Weapon Emporium.
 48094 | Shoals:3 | Found Kitiskergh's Weapon Boutique.
 48554 | Shoals:3 | Found Xubeff's Jewellery Emporium.
 48557 | Shoals:3 | Found Zebbid's Assorted Antiques.
 48574 | Shoals:3 | Bought a potion of magic for 296 gold pieces
 48574 | Shoals:3 | Bought a scroll of fog for 74 gold pieces
 48574 | Shoals:3 | Bought a scroll of enchant armour for 277 gold pieces
 48800 | Shoals:4 | Entered Level 4 of the Shoals
 49691 | Shoals:4 | Reached XP level 18. HP: 106/106 MP: 41/41
 50187 | Shoals:4 | Noticed Ilsuiw
 50195 | Shoals:4 | Killed Ilsuiw
 50459 | Shoals:4 | Offered knowledge of Lehudib's Crystal Spear by Vehumet.
 50459 | Shoals:4 | Offered knowledge of Glaciate by Vehumet.
 50459 | Shoals:4 | Offered knowledge of Shatter by Vehumet.
 50758 | Shoals:4 | Got a barnacled rune of Zot
 50869 | Shoals:4 | Identified a scroll of acquirement
 50893 | Shoals:4 | Learned a level 7 spell: Delayed Fireball
 51003 | Shoals:4 | Got a scorched brass amulet
 51005 | Shoals:4 | Identified the amulet "Rukkent" {Reflect rC++ Str+6 Int+4 SH+5} (You found it on level 4 of the Shoals)
 51761 | Snake:4  | Entered Level 4 of the Snake Pit
 51959 | Snake:4  | Found a shadowy altar of Dithmenos.
 52054 | Snake:4  | Reached skill level 1 in Earth Magic
 52220 | Snake:4  | Reached skill level 1 in Ice Magic
 54711 | Snake:4  | Reached skill level 15 in Conjurations
 55004 | Snake:4  | Reached XP level 19. HP: 111/111 MP: 42/43
 55781 | Snake:4  | HP: 5/111 [mana viper (18)]
 55961 | Snake:4  | Reached skill level 5 in Shields
 56388 | Snake:4  | Got a serpentine rune of Zot
 56862 | Lair:1   | Learned a level 7 spell: Ring of Flames
 56963 | Elf:1    | Entered Level 1 of the Elven Halls
 57798 | Elf:1    | Cast into level 2 of the Abyss (a deep elf sorcerer)
 58747 | Abyss:2  | Gained mutation: You are clumsy. (Dex -2) [a neqoxec]
 58748 | Abyss:2  | Lost mutation: Your mind is acute. (Int +2) [a neqoxec]
 58841 | Abyss:2  | Paralysed by accursed screaming for 2 turns
 58847 | Abyss:2  | Paralysed by accursed screaming for 2 turns
 58848 | Abyss:2  | HP: 3/111 [starcursed mass/accursed screaming (14)]
 58851 | Abyss:2  | Lost mutation: Your muscles are strong. (Str +2) [a neqoxec]
 58853 | Abyss:2  | Paralysed by accursed screaming for 2 turns
 59013 | Elf:1    | Escaped the Abyss
 59050 | Elf:1    | Noticed tyrsky's ghost (journeyman FeVM)
 59052 | Elf:1    | Killed tyrsky's ghost
 59823 | Elf:1    | Identified the Catalogue of Conjuration and Companions
 60381 | Elf:2    | Reached skill level 5 in Earth Magic
 61138 | Elf:2    | Found Xoep's Antique Weapon Shoppe.
 61702 | Elf:2    | Found a huge runed gate.
 61702 | Elf:2    | Found a huge runed gate.
 61702 | Elf:2    | Found a huge runed gate.
 61702 | Elf:2    | Found a huge runed gate.
 61703 | Elf:2    | Found a huge runed gate.
 61938 | Elf:2    | Noticed Azrael
 61942 | Elf:2    | Killed Azrael
 62142 | Elf:2    | Reached XP level 20. HP: 118/118 MP: 41/45
 62908 | Elf:2    | Noticed Asterion
 62915 | Elf:2    | Killed Asterion
 63775 | Lair:1   | Learned a level 2 spell: Throw Flame
 63966 | Vaults:1 | Entered Level 1 of the Vaults
 63972 | Vaults:1 | Noticed Donald
 63977 | Vaults:1 | Killed Donald
 64628 | Vaults:1 | Reached skill level 5 in Ice Magic
 64648 | Vaults:1 | Found Ifyvef's Weapon Boutique.
 67029 | Vaults:2 | Found Neegosib's Antique Armour Boutique.
 67057 | Vaults:2 | Bought a crude ring mail for 297 gold pieces
 67057 | Vaults:2 | Identified the cursed +1 ring mail of Dim Light {*Confuse Int+3 Slay+3} (You bought it in a shop on level 2 of the Vaults)
 67533 | Vaults:2 | Reached XP level 21. HP: 124/124 MP: 36/47
 69807 | Vaults:3 | Found a staircase to the Crypt.
 69807 | Vaults:3 | Found a basalt altar of Yredelemnul.
 69808 | Vaults:3 | Found an ancient bone altar of Kikubaaqudgha.
 70822 | Vaults:3 | Reached skill level 15 in Air Magic
 71062 | Vaults:3 | Reached skill level 10 in Fighting
 71678 | Shoals:3 | Bought the ring "Curubeh" {Fire Int+4 Stlth+} for 734 gold pieces
 72365 | Vaults:4 | Found a flickering gateway to a bazaar.
 72373 | Bazaar   | Entered a bazaar
 72374 | Bazaar   | Found Vallass's Food Shoppe.
 72382 | Bazaar   | Found Biugiezaut's Distillery.
 72398 | Bazaar   | Found Buidiuvi's Book Shoppe.
 72430 | Bazaar   | Found Wyiwn's Distillery.
 72440 | Bazaar   | Bought a potion of heal wounds for 70 gold pieces
 72440 | Bazaar   | Bought 2 potions of resistance for 280 gold pieces
 72462 | Bazaar   | Bought 2 potions of invisibility for 176 gold pieces
 72462 | Bazaar   | Bought a potion of brilliance for 44 gold pieces
 72462 | Bazaar   | Bought a potion of curing for 33 gold pieces
 72462 | Bazaar   | Bought a potion of curing for 33 gold pieces
 72462 | Bazaar   | Bought a potion of brilliance for 44 gold pieces
 72462 | Bazaar   | Bought a potion of heal wounds for 55 gold pieces
 72462 | Bazaar   | Bought a potion of heal wounds for 55 gold pieces
 72462 | Bazaar   | Bought a potion of curing for 33 gold pieces
 72462 | Bazaar   | Bought a potion of curing for 33 gold pieces
 72462 | Bazaar   | Bought a potion of curing for 33 gold pieces
 72462 | Bazaar   | Bought a potion of agility for 44 gold pieces
 74618 | Crypt:1  | Entered Level 1 of the Crypt
 74730 | Crypt:1  | Reached XP level 22. HP: 130/130 MP: 43/48
 74738 | Crypt:1  | Noticed Boris
 74742 | Crypt:1  | Killed Boris
 76715 | Crypt:2  | Noticed Mara
 77291 | Depths:1 | Entered Level 1 of the Depths
 77292 | Depths:1 | Noticed the Enchantress
 77362 | D:15     | Killed the Enchantress
 77365 | D:15     | Got a faerie dragon armour
 77379 | D:15     | Identified the +1 faerie dragon armour {*Contam rN+ MR+++ Regen+} (You took it off the Enchantress on level 15 of the Dungeon)
 77811 | Depths:1 | Found a gateway to a ziggurat.
 77820 | Zig:1    | Entered Level 1 of a ziggurat
 78248 | Depths:1 | Found a gateway to Hell.
 79941 | Depths:1 | Identified a +0 rod of shadows (11/11) (You found it on level 1 of the Depths)
 80104 | Depths:3 | Found Voriaghi's General Store.
 80121 | Depths:3 | Bought a scroll of teleportation for 63 gold pieces
 80377 | Depths:3 | Reached XP level 23. HP: 136/136 MP: 41/50
 80538 | Depths:3 | Found a one-way gate leading to the halls of Pandemonium.
 80608 | Depths:3 | Found a one-way gate to the infinite horrors of the Abyss.
 80696 | Depths:3 | Found a magical portal.
 80707 | WizLab   | Entered Wucad Mu's Monastery
 81293 | WizLab   | Reached XP level 24. HP: 143/143 MP: 51/51
 81295 | WizLab   | Gained mutation: Your spells are a little harder to cast, but a little more powerful. [potion of beneficial mutation]
 81414 | WizLab   | Learned a level 9 spell: Tornado
 81812 | Depths:3 | Found a radiant altar of Vehumet.
 82455 | Depths:4 | Got a pair of encrusted boots
 82524 | Depths:3 | Identified the +2 pair of boots of Xoepniph {rF+ rN+} (You found it on level 4 of the Depths)
 82830 | Depths:4 | Found Ifus's Armour Shop.
 83524 | Depths:4 | Noticed Margery
 83562 | Depths:4 | Killed Margery
 83794 | Depths:5 | Entered Level 5 of the Depths
 84561 | Depths:5 | Noticed a juggernaut
 84572 | Depths:5 | Killed a juggernaut
 84572 | Depths:5 | Reached skill level 10 in Earth Magic
 84759 | Depths:5 | Noticed Boris
 84764 | Depths:5 | Killed Boris
 85418 | Depths:5 | Found a gate to the Realm of Zot.
 86612 | Crypt:2  | Reached XP level 25. HP: 148/148 MP: 34/51
 86723 | Crypt:2  | Killed Mara
 88627 | Crypt:3  | Entered Level 3 of the Crypt
 89658 | Crypt:3  | Found a staircase to the Tomb.
 89757 | Crypt:3  | Got a slimy copper ring
 89832 | Crypt:3  | Reached skill level 10 in Ice Magic
 90386 | Crypt:3  | Identified the ring of Cannawno {+Inv rElec rN+ Str-2 Int+4} (You took it off a skeletal warrior on level 3 of the Crypt)
 90394 | Crypt:3  | Got a transparent platinum ring
 90396 | Crypt:3  | Identified the ring "Vumuxyira" {rElec rN+ Str+4 Slay+2} (You took it off a skeletal warrior on level 3 of the Crypt)
 90429 | Crypt:3  | Found an ancient bone altar of Kikubaaqudgha.
 90574 | Crypt:3  | Got a bound pewter ring
 90576 | Crypt:3  | Identified the ring "Cias Log" {+Fly rC+ rN+ Str-5 Slay+4} (You took it off a vampire mage on level 3 of the Crypt)
 91035 | Crypt:3  | Identified a +4 rod of inaccuracy (9/9) (You found it on level 3 of the Crypt)
 92804 | Elf:3    | Entered Level 3 of the Elven Halls
 92887 | Elf:3    | Found Bouppoci's Armour Shoppe.
 92892 | Elf:3    | Bought a +2 cloak of invisibility for 301 gold pieces
 92892 | Elf:3    | Bought a +0 hat of intelligence for 154 gold pieces
 92892 | Elf:3    | Bought a +2 pair of gloves of strength for 301 gold pieces
 92967 | Elf:3    | Found Jejodd's Magic Scroll Emporium.
 92972 | Elf:3    | Bought a scroll of blinking for 157 gold pieces
 92988 | Elf:3    | Reached XP level 26. HP: 155/155 MP: 46/52
 93330 | Elf:3    | Identified the Catalogue of Sinister Rites
 93388 | Elf:3    | Got a slimy robe
 93399 | Elf:3    | Identified the cursed +1 robe of the Storm King {rN+ Dex+2} (You found it on level 3 of the Elven Halls)
 93421 | Elf:3    | Identified Omeitisi's Introduction to Magic
 93433 | Elf:3    | Identified the Catalogue of Shifting Orientation
 93455 | Elf:3    | Identified the Grimoire of the Vitriolic Oath
 93520 | Elf:3    | Found Helymoss's Assorted Antiques.
 93528 | Elf:3    | Bought a wand of teleportation for 420 gold pieces
 93528 | Elf:3    | Bought a scroll of teleportation for 105 gold pieces
 93771 | Elf:3    | Found Niulishru's Antique Weapon Shoppe.
 93813 | Elf:3    | Found Feoqau's Distillery.
 93828 | Elf:3    | Bought a potion of haste for 170 gold pieces
 93828 | Elf:3    | Bought 2 potions of curing for 102 gold pieces
 93828 | Elf:3    | Bought a potion of curing for 51 gold pieces
 93828 | Elf:3    | Bought a potion of curing for 51 gold pieces
 93828 | Elf:3    | Bought a potion of curing for 51 gold pieces
 94867 | Tomb:1   | Entered Level 1 of the Tomb of the Ancients
 95673 | Tomb:1   | Noticed a greater mummy
 95781 | Tomb:1   | Noticed Boris
 95783 | Tomb:1   | Killed Boris
 96062 | Tomb:1   | Killed a greater mummy
 96256 | Tomb:1   | Reached skill level 10 in Shields
 96619 | Tomb:1   | Noticed a greater mummy
 96622 | Tomb:1   | Killed a greater mummy
 96801 | Tomb:1   | Noticed a greater mummy
 96805 | Tomb:1   | Killed a greater mummy
 97285 | Tomb:2   | Noticed an ancient lich
 97285 | Tomb:2   | Noticed a greater mummy
 97285 | Tomb:2   | Noticed a greater mummy
 97348 | Tomb:2   | Noticed a greater mummy
 97740 | Tomb:1   | Killed an ancient lich
 97748 | Tomb:1   | Killed a greater mummy
 97906 | Tomb:2   | Killed a greater mummy
 97906 | Tomb:2   | Reached skill level 15 in Dodging
 98122 | Tomb:2   | Killed a greater mummy
 98862 | Tomb:1   | Noticed a greater mummy
 98864 | Tomb:1   | Killed a greater mummy
 98864 | Tomb:1   | Reached XP level 27. HP: 156/156 MP: 46/53
 98879 | Tomb:1   | Noticed a greater mummy
 98882 | Tomb:1   | Killed a greater mummy
 99040 | Tomb:1   | Noticed a greater mummy
 99041 | Tomb:1   | Noticed a greater mummy
 99046 | Tomb:1   | Killed a greater mummy
 99049 | Tomb:1   | Killed a greater mummy
 99258 | Tomb:1   | Noticed a greater mummy
 99269 | Tomb:1   | Gained mutation: Your magical capacity is low. (-10% MP) [a neqoxec]
 99453 | Tomb:1   | Killed a greater mummy
 99538 | Tomb:1   | Noticed a greater mummy
 99540 | Tomb:1   | Noticed a greater mummy
 99541 | Tomb:1   | Killed a greater mummy
 99542 | Tomb:1   | Noticed a greater mummy
 99752 | Tomb:1   | Killed a greater mummy
 99962 | Tomb:1   | Killed a greater mummy
100095 | Tomb:1   | Noticed a greater mummy
100097 | Tomb:1   | Noticed a greater mummy
100102 | Tomb:1   | Killed a greater mummy
100103 | Tomb:1   | Noticed a greater mummy
100103 | Tomb:1   | Killed a greater mummy
100321 | Tomb:1   | Killed a greater mummy
100372 | Tomb:1   | Noticed a greater mummy
100400 | Tomb:1   | Killed a greater mummy
100573 | Tomb:1   | Noticed a greater mummy
100576 | Tomb:1   | Noticed a greater mummy
100578 | Tomb:1   | Killed a greater mummy
100901 | Tomb:1   | Noticed a greater mummy
100910 | Tomb:1   | Killed a greater mummy
101014 | Tomb:1   | Noticed a greater mummy
101020 | Tomb:1   | Killed a greater mummy
101075 | Tomb:1   | Killed a greater mummy
101399 | Tomb:2   | Got a twisted helmet
101410 | Tomb:2   | Identified the +0 helmet of Zameafog {Stlth+} (You found it on level 2 of the Tomb of the Ancients)
101467 | Tomb:3   | Entered Level 3 of the Tomb of the Ancients
101635 | Tomb:3   | Noticed a greater mummy
101638 | Tomb:3   | Noticed a greater mummy
101759 | Tomb:3   | Noticed a greater mummy
101833 | Tomb:2   | Killed a greater mummy
102048 | Tomb:3   | Noticed a greater mummy
102052 | Tomb:2   | Killed a greater mummy
102185 | Tomb:3   | Killed a greater mummy
102188 | Tomb:3   | Killed a greater mummy
102562 | Tomb:3   | Noticed a greater mummy
102563 | Tomb:3   | Killed a greater mummy
102605 | Tomb:3   | Noticed a greater mummy
102610 | Tomb:3   | Killed a greater mummy
102936 | Tomb:3   | Noticed a greater mummy
102938 | Tomb:3   | Noticed a greater mummy
102943 | Tomb:3   | Killed a greater mummy
102953 | Tomb:3   | Killed a greater mummy
103139 | Tomb:3   | Noticed a greater mummy
103147 | Tomb:3   | Killed a greater mummy
103370 | Tomb:3   | Identified the Reference Book on the Cankerous Snowflakes (You found it on level 3 of the Tomb of the Ancients)
103376 | Tomb:3   | Identified the Volume of Creative Transformation
103380 | Tomb:3   | Got a translucent pewter ring
103382 | Tomb:3   | Got a faintly glowing lapis lazuli ring
103429 | Tomb:3   | Identified the ring of Meocal {+Inv rC- MP+9 Stlth-} (You found it on level 3 of the Tomb of the Ancients)
103431 | Tomb:3   | Identified the ring of Devotion {Str+3 Dex+4} (You found it on level 3 of the Tomb of the Ancients)
103513 | Tomb:3   | Got a golden rune of Zot
104924 | Depths:4 | You fall through a shaft!
104967 | Zot:1    | Entered Level 1 of the Realm of Zot
105573 | Zot:1    | Gained mutation: Scrolls take you a little longer to read. [the power of Zot]
107518 | Zot:3    | Identified the Compendium of the Foremost Wars
110030 | Zot:5    | Entered Level 5 of the Realm of Zot
110030 | Zot:5    | Noticed an orb of fire
110030 | Zot:5    | Noticed an orb of fire
110031 | Zot:5    | Gained mutation: Scrolls take you longer to read. [an orb of fire]
110032 | Zot:5    | Gained mutation: You are dopey. (Int -2) [an orb of fire]
110034 | Zot:5    | Noticed an orb of fire
110035 | Zot:5    | Killed an orb of fire
110035 | Zot:5    | Gained mutation: You are very clumsy. (Dex -4) [an orb of fire]
110036 | Zot:5    | Killed an orb of fire
110043 | Zot:5    | Killed an orb of fire
110175 | Zot:5    | Noticed an ancient lich
110185 | Zot:5    | HP: 7/166 [Orb Guardian (28)]
111694 | Zot:5    | Learned a level 8 spell: Lehudib's Crystal Spear
112031 | Zot:5    | Noticed an ancient lich
112031 | Zot:5    | Noticed an orb of fire
112035 | Zot:5    | Killed an orb of fire
112037 | Zot:5    | Killed an ancient lich
112040 | Zot:5    | Noticed an orb of fire
112053 | Zot:5    | Noticed an ancient lich
112062 | Zot:5    | Gained mutation: You are frail. (-10% HP) [an orb of fire]
112078 | Zot:5    | Gained mutation: You expend magic power (3 MP) to strengthen your wands. [an orb of fire]
112452 | Zot:5    | Killed an ancient lich
113243 | Zot:5    | Killed an ancient lich
114450 | Tomb:3   | Lost mutation: You expend magic power (3 MP) to strengthen your wands. [potion of cure mutation]
114450 | Tomb:3   | Lost mutation: You are partially covered in yellow scales. (AC +2) [potion of cure mutation]
114450 | Tomb:3   | Lost mutation: Scrolls take you longer to read. [potion of cure mutation]
114450 | Tomb:3   | Lost mutation: You are dopey. (Int -2) [potion of cure mutation]
114450 | Tomb:3   | Lost mutation: Scrolls take you a little longer to read. [potion of cure mutation]
114450 | Tomb:3   | Lost mutation: Your spells are a little harder to cast, but a little more powerful. [potion of cure mutation]
115386 | Slime:1  | Entered Level 1 of the Pits of Slime
117542 | Slime:3  | Reached skill level 15 in Fighting
118580 | Slime:4  | Reached skill level 15 in Earth Magic
120462 | Slime:5  | Learned a level 9 spell: Glaciate
120863 | Slime:6  | Entered Level 6 of the Pits of Slime
121417 | Slime:6  | Reached skill level 15 in Ice Magic
122096 | Slime:6  | Noticed the Royal Jelly
122125 | Slime:6  | Killed the Royal Jelly
122339 | Slime:6  | Got a steaming diamond amulet
122349 | Slime:6  | Got a brightly glowing dagger
122350 | Slime:6  | Identified the +5 dagger of Exoneration {pierce, +Inv rC+ MR+} (You found it on level 6 of the Pits of Slime)
122353 | Slime:6  | Got a pitted rapier
122354 | Slime:6  | Identified the +9 rapier "Japajeix" {antimagic, *Corrode rC+++ Int+6} (You found it on level 6 of the Pits of Slime)
122377 | Slime:6  | Got a slimy rune of Zot
122434 | Slime:6  | Identified the amulet of Wouruun {Faith *Drain rPois MR- Int+7} (You found it on level 6 of the Pits of Slime)
122462 | Slime:6  | Identified the Volume of Ice and Protection (You found it on level 6 of the Pits of Slime)
122508 | Slime:6  | Got a faintly humming robe
122509 | Slime:6  | Identified the cursed +0 robe "Satenaf" {rN++} (You found it on level 6 of the Pits of Slime)
122598 | Slime:6  | Learned a level 9 spell: Fire Storm
123499 | Hell     | Entered the Vestibule of Hell
123499 | Hell     | Noticed Geryon
123964 | Hell     | Killed Geryon
123973 | Hell     | Noticed Murray
124244 | Hell     | Killed Murray
124856 | Hell     | Found a gateway to the ashen valley of Gehenna.
124914 | Hell     | Found a gateway to the Iron City of Dis.
124957 | Hell     | Found a gateway to the freezing wastes of Cocytus.
125036 | Hell     | Found a gateway to the decaying netherworld of Tartarus.
125499 | Vaults:5 | Entered Level 5 of the Vaults
126373 | Vaults:5 | Got a silver rune of Zot
126734 | Vaults:5 | Identified Joydaick's Papyrus of Fetching Air
127118 | Vaults:5 | Identified Etijaikidi's Incunabulum of Slavery and the Birds
127125 | Vaults:5 | Got a bloodstained scimitar
127126 | Vaults:5 | Identified the cursed +0 scimitar "Moif" {freeze, -Tele rPois Str+6 Dex+3} (You found it on level 5 of the Vaults)
127602 | Vaults:5 | Found Danaofaydd's Armour Emporium.
127608 | Vaults:5 | Identified the Grimoire of the Ant
128148 | Coc:1    | Entered Level 1 of Cocytus
129118 | Hell     | Upgraded the game from 0.19-a0-503-g45a6586 to 0.19-a0-517-gd6a9987
132277 | Coc:3    | Gained mutation: Scrolls take you a little longer to read. [mutagenic glow]
132323 | Coc:3    | Gained mutation: You are somewhat resistant to further mutation. [mutagenic glow]
135182 | Coc:6    | Demolished by an Ice Fiend

Vault maps used:
D:1:      evilmike_arrival_hilbert_curve, feat_on_display
D:2:      lemuel_doored_altar, first_bread, hangedman_abyss_or_decor_stabs,
          minmay_misc_feat_pillars, uniq_iyjb, uniq_terence
D:3:      elyvilon_altar_3, tgw_trog, marbit_many_paths
D:4:      nicolae_ru_path_of_blood, uniq_menkaure
D:5:      minmay_temple_entry_purple_smoke, abandoned_shop
D:6:      gup_sewer_entry_spiral, roderic_batcave
D:7:      lemuel_crystal_altar, basic_altar, abandoned_shop
D:8:      bloody_makhleb, hangedman_pestilent_swarm, minmay_misc_feat_encased,
          nicolae_zen_rock_garden, uniq_psyche
D:9:      kennysheep_little_box, minitemple, lair_0_dummy,
          hangedman_decor_peaks_small
D:10:     hiddenorc2_lemuel, uniq_erica, uniq_gastronok, uniq_grum,
          uniq_nergalle, uniq_erolcha
D:11:     portal_ice_cave_demonic_guard
D:12:     serial_shops, kennysheep_mini_moat, nicolae_shop_trees
D:13:     serial_shops, shop, nicolae_ashenzari_panopticon
D:14:     grunt_vaults_entry_tiered, kennysheep_decorative_pillar
D:15:     grunt_enter_depths_magical_seal, tso_altar,
          minmay_misc_feat_diagonals, tgw_sif
Temple:   minmay_temple_bridge_a_8
Lair:1:   lemuel_fruit_tree
Lair:3:   minmay_shoals_entry_lonely_mermaid, minmay_holes
Lair:4:   minmay_lair_oklob_chamber, minivault_24, minivault_25,
          grunt_megastairs_4
Lair:5:   serial_bayou_shore_a
Lair:6:   dummy_snake_entry, special_room, lab_entry_generic, grunt_megastairs_2
Lair:7:   dpeg_slime_entry_enclosed_altar, infiniplex_staircase_pool_2,
          grunt_megastairs_3, uniq_josephine, uniq_kirke
Lair:8:   evilmike_catoblepas_cave, grunt_megastairs_1
Shoals:2: cheibrodos_shoals_roost, uniq_polyphemus, uniq_louise, uniq_nikola
Shoals:3: serial_shops, shop_coins, nicolae_shop_temple_entry_statues_fountains,
          nicolae_shop_statue_plus, nicolae_shop_trees
Shoals:4: shoals_end_grunt_ice, shoal_ilsuiw
Snake:1:  serial_bayou_pond_d
Snake:2:  serial_shops, nicolae_shop_stone, guppyfry_snake_island
Snake:4:  snake_pit_salamanders_mu, basic_altar, nicolae_snake_linked_coils,
          hangedman_snake_wide_pillar_pass, serial_bayou_shore_b
Slime:1:  nicolae_slime_ancient_tower_intersection
Slime:3:  nicolae_slime_phagocytosis
Slime:5:  nicolae_slime_round_cave
Orc:2:    grunt_orc_community_town_hall, grunt_orc_community_big_house_1,
          grunt_orc_community_big_house_1, grunt_orc_community_house_3,
          grunt_orc_community_house_3, grunt_orc_community_house_1,
          grunt_orc_community_house_1, grunt_orc_community_house_1,
          grunt_orc_community_house_1, hangedman_feature_mirror,
          nicolae_orc_lava_tube, uniq_maud
Elf:1:    minmay_elf_arrival_circle, minmay_elf_sorcery
Elf:2:    serial_shops, shop, grunt_ministairs_4, uniq_azrael, uniq_asterion
Elf:3:    minmay_elf_hall_quartered_circle, serial_shops, nicolae_shop_stone,
          shop_fountains, shop, shop, shop_scrolls
Vaults:1: ontoclasm_vaults_ring_square, v_misc_27,
          nicolae_vaults_little_squares_4, v_misc_22, v_misc_24,
          nicolae_vaults_halls_meeting, v_misc_15, vaults_room_fours,
          vaults_room_octagon, v_misc_4, v_rooms_5,
          hangedman_vaults_corner_blocks, nicolae_vaults_little_ls,
          serial_shops, shop_statue, uniq_donald
Vaults:2: nicolae_vaults_network_star, vaults_room_hallway,
          vaults_mumra_chevron, v_alt_pattern_2, vaults_room_door_hall,
          nicolae_vaults_network_quinsquares, hangedman_vaults_maws,
          hangedman_vaults_trim, vaults_dpeg_encased_lava,
          ontoclasm_vaults_twist, serial_shops, nicolae_shop_stone
Vaults:3: vaults_room_door_hall, nicolae_vaults_border_crossing, v_misc_12,
          hangedman_vaults_river_flow, nicolae_vaults_big_angled_halls,
          v_misc_5, nicolae_vaults_three_branches,
          minmay_crypt_entry_necro_gods, nicolae_vaults_rhombus_6,
          vaults_dpeg_diagonal
Vaults:4: nicolae_vaults_network_quincunx, nicolae_vaults_bisected_slash,
          ontoclasm_vaults_decontamination, nicolae_vaults_little_squares_6,
          nicolae_vaults_little_squares_3, v_misc_25, hangedman_vaults_nails,
          ontoclasm_vaults_ring_small, vaults_mumra_hex, serial_shops,
          bzr_entry_safe
Crypt:1:  uniq_boris
Crypt:2:  roderic_lattice_octagonal_star, uniq_mara
Crypt:3:  church_of_pain_bobbens
Tomb:1:   uniq_boris
Depths:1: enter_ziggurat_e, hangedman_tar_grid_catacomb, st_stairs_1,
          hangedman_decor_points, feat_on_display, firewood_loft,
          uniq_enchantress
Depths:2: nicolae_whirlpool, infiniplex_staircase_squiggle, hell_entry,
          feat_on_display, serial_bayou_shore_b
Depths:3: grunt_twist_and_shout, lemuel_statue_altar, hell_entry,
          mu_enter_wizlab_5, serial_shops, shop, grunt_pan_entry_zigzag,
          abyss_entry_glasseish, minmay_staircase_statues
Depths:4: kennysheep_ambush_hall, serial_shops, shop,
          abyss_entry_small_statue_room, pf_vacation_house_of_asmodeus,
          uniq_margery
Depths:5: evilmike_zot_entry_hall, hangedman_abyss_entry_splay,
          serial_bayou_pond_a, hell_entry, uniq_boris
Coc:5:    lemuel_elevator
Zot:2:    lemuel_elevator
Zot:3:    st_stairs_5, bh_zot_ikea_curve, st_large_dragon_hoard_1
Zot:4:    st_stairs_13
Zot:5:    st_stairs_12
Lab:      nicolae_lab_dead_adventurers, labyrinth_skeletal_remains,
          nicolae_lab_t_cross
Bazaar:   bazaar_kb_twisted_cavern
Sewer:    sewer_sea
IceCv:    ice_cave_tombish
WizLab:   wizlab_wucad

Skill      XL: |  1  2  3  4  5  6  7  8  9 10 11 12 13 14 15 16 17 18 19 20 21 22 23 24 25 26 27 |
---------------+----------------------------------------------------------------------------------+-----
Fire Magic     | 4 5 6 7 8 9 10 11 12 13 14 15 16 17 18 19 20 21 25 | 25.8
Conjurations   | 2 3 4 5 6 7 8 9 10 11 12 13 14 15 16 17 18 19 20 25 | 25.3
Spellcasting   | 4 5 6 7 9 10 12 13 14 15 16 17 18 19 20 21 22 23 24 25 | 25.0
Armour         | 1 2 3 4 5 6 7 8 |  8.0
Evocations     | 2 3 4 5 6 7 8 9 10 | 10.0
Fighting       | 1 2 3 4 5 6 7 8 9 10 11 17 | 17.5
Short Blades   | 1 2 3 4 5 6 7 8 |  8.7
Dodging        | 3 4 5 6 7 8 9 10 12 13 15 17 | 17.0
Shields        | 1 2 3 4 5 6 7 8 9 10 14 | 14.0
Air Magic      | 2 4 5 7 8 9 10 11 13 14 15 16 17 18 23 | 23.0
Earth Magic    | 3 5 6 8 9 10 11 17 | 17.2
Ice Magic      | 2 4 5 7 8 9 10 11 16 | 16.7
Stealth        | |  2.4

Action                   |  1- 3 |  4- 6 |  7- 9 | 10-12 | 13-15 | 16-18 | 19-21 | 22-24 | 25-27 || total
-------------------------+-------+-------+-------+-------+-------+-------+-------+-------+-------++-------
Melee: Club              |   120 |       |       |       |       |       |       |       |       ||   120
       Short sword       |     7 |       |       |       |     6 |       |       |       |       ||    13
       Dagger            |     6 |     9 |   364 |   280 |       |       |       |       |       ||   659
       Falchion          |       |       |       |   110 |   510 |   246 |   421 |   268 |  1725 ||  3280
       Unarmed           |       |       |       |       |     6 |       |       |       |       ||     6
       Staff             |       |       |       |       |       |       |       |     2 |       ||     2
       Quick blade       |       |       |       |       |       |       |       |       |   149 ||   149
 Cast: Flame Tongue      |    49 |    86 |   223 |   299 |   303 |   108 |    83 |    14 |   164 ||  1329
       Throw Flame       |    18 |    20 |    51 |    64 |    69 |    31 |    26 |    10 |   107 ||   396
       Conjure Flame     |     2 |     3 |     6 |     8 |    13 |       |     3 |     3 |       ||    38
       Sticky Flame      |       |     1 |    18 |    61 |   101 |    51 |    52 |    15 |   101 ||   400
       Inner Flame       |       |       |     5 |     4 |     4 |       |       |     1 |       ||    14
       Fireball          |       |       |       |     9 |    44 |    39 |    55 |    29 |    73 ||   249
       Bolt of Fire      |       |       |       |    36 |   229 |   385 |   368 |   189 |  1038 ||  2245
       Static Discharge  |       |       |       |       |     3 |       |       |       |       ||     3
       Deflect Missiles  |       |       |       |       |     1 |     5 |     1 |     1 |     8 ||    16
       Freezing Cloud    |       |       |       |       |       |    28 |     8 |     2 |     2 ||    40
       Airstrike         |       |       |       |       |       |     5 |       |       |   121 ||   126
       Swiftness         |       |       |       |       |       |     3 |     1 |     2 |    13 ||    19
       Iron Shot         |       |       |       |       |       |    33 |   237 |   285 |   528 ||  1083
       Delayed Fireball  |       |       |       |       |       |     1 |       |       |     7 ||     8
       Ring of Flames    |       |       |       |       |       |       |       |     1 |    46 ||    47
       Tornado           |       |       |       |       |       |       |       |     1 |    40 ||    41
       Lehudib's Crystal |       |       |       |       |       |       |       |       |   168 ||   168
       Fire Storm        |       |       |       |       |       |       |       |       |    13 ||    13
       Glaciate          |       |       |       |       |       |       |       |       |     2 ||     2
 Abil: Release Delayed F |       |       |       |       |       |       |       |       |     3 ||     3
Evoke: Wand              |       |       |     2 |     3 |       |     5 |     8 |     6 |    38 ||    62
  Use: Scroll            |     7 |     6 |    15 |    25 |    16 |    14 |    13 |     3 |    26 ||   125
       Potion            |       |       |     2 |     4 |     6 |     5 |     5 |     4 |    14 ||    40
 Stab: Sleeping          |       |     1 |     1 |     6 |     8 |     2 |     7 |     3 |     6 ||    34
       Distracted        |       |       |       |       |       |       |       |       |     2 ||     2
  Eat: Chunk             |     6 |     9 |    27 |    17 |    50 |    19 |    33 |    14 |    20 ||   195
       Beef jerky        |     1 |       |     2 |     5 |     4 |     3 |     3 |       |     3 ||    21
       Pizza             |       |       |     1 |       |     1 |     2 |     2 |     2 |     3 ||    11
       Meat ration       |       |       |       |     2 |     1 |     4 |     2 |     2 |    13 ||    24
       Fruit             |       |       |       |     7 |     6 |     6 |       |       |     3 ||    22
       Royal jelly       |       |       |       |     1 |     8 |       |       |       |     1 ||    10
       Bread ration      |       |       |       |       |       |     1 |     3 |     1 |    13 ||    18
Armor: Plate armour      |   162 |       |       |       |       |       |       |       |       ||   162
       Robe              |     8 |     4 |   130 |   102 |       |       |       |       |       ||   244
       Leather armour    |       |       |       |    38 |   322 |   107 |   138 |    25 |       ||   630
       Mottled dragon ar |       |       |       |       |       |       |       |   173 |   766 ||   939
Dodge: Dodged            |    32 |    23 |   196 |   305 |   519 |   260 |   218 |   234 |  1396 ||  3183
       Deflected         |       |       |       |       |     8 |    42 |    44 |    32 |    92 ||   218
Block: Buckler           |       |       |    88 |   165 |   314 |   204 |       |       |       ||   771
       Shield            |       |       |       |       |       |    76 |   706 |   670 |  3549 ||  5001
       Reflection        |       |       |       |       |       |    18 |    76 |    57 |    61 ||   212
